 Dungeon Crawl Stone Soup version 0.30-a0-1085-g990a428a5c (webtiles) character file.

Game seed: 3665574996112656979

686 NotreDorf the Ducker (level 7, -2/56 HPs)
             Began as a Merfolk Gladiator on Apr 16, 2023.
             Was an Initiate of Okawaru.
             Succumbed to a scorpion's poison
             ... on level 4 of the Dungeon.
             The game lasted 00:15:39 (4158 turns).

NotreDorf the Ducker (Merfolk Gladiator)            Turns: 4158, Time: 00:15:40

Health: -2/56      AC:  5    Str: 21    XL:     7   Next: 62%
Magic:  7/7        EV: 16    Int: 11    God:    Okawaru [......]
Gold:   144        SH:  0    Dex: 19    Spells: 6/6 levels left

rFire   . . .      SeeInvis +    a - +0 rapier (vamp)
rCold   . . .      Faith    .    (no shield)
rNeg    . . .      Spirit   .    b - +0 leather armour
rPois   .          Reflect  .    A - +0 helmet of Gom Qunoi {Int+4 Dex+2 SInv}
rElec   .          Rampage  .    (no cloak)
rCorr   .                        u - +0 pair of gloves
Will    .....                    (no boots)
Stlth   +                        (no amulet)
HPRegen 0.29/turn                p - +6 ring of strength
MPRegen 0.10/turn                (no ring)

@: lethally poisoned (-2 -> -22)
A: (nimble swimmer 2), mertail
a: Renounce Religion


You were on level 4 of the Dungeon.
You worshipped Okawaru.
Okawaru was noncommittal.
You visited 2 branches of the dungeon, and saw 5 of its levels.
You also visited: Sewer.

You collected 248 gold pieces.
You spent 104 gold pieces at shops.

Inventory:

Hand Weapons
 a - a +0 vampiric rapier (weapon)
 q - a +0 morningstar
 t - a +0 trident
Missiles
 d - a throwing net (quivered)
Armour
 b - a +0 leather armour (worn)
 u - a +0 pair of gloves (worn)
 A - the +0 helmet of Gom Qunoi (worn) {Int+4 Dex+2 SInv}
   (You found it on level 4 of the Dungeon)

   Int:       It affects your intelligence (+4).
   Dex:       It affects your dexterity (+2).
   SInv:      It lets you see invisible.
Jewellery
 p - a +6 ring of strength (left hand)
 r - a ring of fire
Wands
 s - a wand of mindburst (12)
 y - a wand of roots (9)
Scrolls
 c - a scroll of teleportation {unknown}
 g - 6 scrolls of identify {unknown}
 j - a scroll of fear {unknown}
 k - 2 scrolls of immolation {unknown}
 m - a scroll of enchant weapon {unknown}
 v - 2 scrolls of enchant armour {unknown}
 w - 4 scrolls of noise {unknown}
 z - a scroll of amnesia {unknown}
Potions
 f - a potion of brilliance {unknown}
 h - a potion of lignification {unknown}
 i - a potion of ambrosia
 n - a potion of attraction {unknown}
 o - a potion of might {unknown}
 x - 2 potions of heal wounds {unknown}


   Skills:
 + Level 5.1 Fighting
 + Level 6.3 Short Blades
 + Level 1.8 Polearms
 - Level 2.0 Throwing
 + Level 6.9 Dodging
 + Level 2.1 Evocations


You had 6 spell levels left.
You didn't know any spells.
Your spell library contained the following spells:

 Spells                   Type           Power      Damage    Failure   Level
 Foxfire                  Conj/Fire      0%         2x1d4     38%         1
 Passage of Golubria      Tloc           0%         N/A       99%         4
 Fireball                 Conj/Fire      0%         3d3       100%        5
 Silence                  Hex/Air        0%         N/A       100%        5
 Plasma Beam              Fire/Air       0%         2x1d11    100%        6
 Starburst                Conj/Fire      0%         6d3       100%        6
 Lehudib's Crystal Spear  Conj/Erth      0%         10d2      100%        8


Dungeon Overview and Level Annotations

Branches:
Dungeon (4/15)             Temple (1/1) D:4           Sewer (visited)

Altars:
Ashenzari
Elyvilon
Gozag
Hepliaklqana
Kikubaaqudgha
Makhleb
Nemelex Xobeh
Okawaru
Qazlal
Ru
Sif Muna
Uskayaw
Wu Jian
Xom
Yredelemnul
Zin

Shops:
D:4 *


Innate Abilities, Weirdness & Mutations

((You are very nimble when in or above water. (Stealth+, EV+, Speed+++)))
Your lower body shifts to a powerful aquatic tail in water.


Message History

You hit the scorpion but do no damage.
The scorpion is heavily wounded.
You feel sick. The scorpion stings you!
You are too injured to fight recklessly!
You are too injured to fight recklessly!
You closely miss the scorpion. Your punch misses the scorpion.
The scorpion is heavily wounded.
You feel sick. The scorpion stings you.
You are more poisoned.
The scorpion poisons you!
You barely miss the scorpion.
The scorpion is heavily wounded.
You feel very sick. The scorpion stings you.
You barely miss the scorpion.
The scorpion is heavily wounded.
You feel sick. The scorpion stings you.
* * * LOW HITPOINT WARNING * * *
You are lethally poisoned!
The scorpion poisons you!
You hit the scorpion.
The scorpion is heavily wounded.
* * * LOW HITPOINT WARNING * * *
You feel very sick. The scorpion stings you.
* * * LOW HITPOINT WARNING * * *
You are more poisoned.
The scorpion poisons you!
Aiming: Fastroot
Press: ? - help, Shift-Dir - straight line The roots erupt in riotous growth!
Roots grab the scorpion.
The grasping roots constrict the scorpion.
* * * LOW HITPOINT WARNING * * *
You feel very sick. The scorpion closely misses you.
The grasping roots constrict the scorpion!
You kill the scorpion!
Okawaru accepts your kill.
You die...

#...##...##...
##...##.<....#.
#...###...##.#.
##...#
#........
##.).##
#...##.##
##...##
#........
##...##
#...).<..
##...##
#)##....#
#..@##
#.)#..... #...#
#..#...##
#..†##
#..#...## #...
#..#..... #..)#
#..###... #...
#..# #... #...
#######..# #.#
##.. .........#
#.. ##
.........####..


There were no monsters in sight!

Vanquished Creatures
  Pargi (Sewer)
  2 ogres (D:4)
  A phantom (D:4)
  2 scorpions (D:4)
  Ijyb (D:4)
  An iguana (D:4)
  4 gnolls (D:4)
  8 adders
  2 river rats (D:3)
  An ufetubus (D:4)
  2 worms (D:2)
  4 dart slugs
  2 orcs
  6 bats
  11 endoplasms
  8 giant cockroaches
  8 goblins
  7 hobgoblins
  3 jackals (D:1)
  14 kobolds
  A quokka (D:1)
  9 ball pythons
  7 frilled lizards
  7 rats
112 creatures vanquished.

Vanquished Creatures (others)
  6 plants (D:3)
  5 toadstools (D:3)
11 creatures vanquished.

Grand Total: 123 creatures vanquished

Notes
Turn   | Place    | Note
-------+----------+-------------------------------------------
     0 | D:1      | NotreDorf the Merfolk Gladiator began the quest for the
                  | Orb.
     0 | D:1      | Reached XP level 1. HP: 16/16 MP: 1/1
    68 | D:1      | Reached XP level 2. HP: 19/23 MP: 2/2
   273 | D:1      | Reached XP level 3. HP: 25/28 MP: 3/3
  1060 | D:2      | Reached XP level 4. HP: 11/35 MP: 4/4
  1431 | D:2      | Found a sparkling altar of Nemelex Xobeh.
  1463 | D:2      | Reached skill level 5 in Dodging
  1958 | D:3      | Found a hazy altar of Hepliaklqana.
  1990 | D:3      | Found an ancient bone altar of Kikubaaqudgha.
  2104 | D:3      | Reached XP level 5. HP: 31/41 MP: 5/5
  2292 | D:3      | Found a glowing drain.
  2305 | D:3      | Reached skill level 5 in Short Blades
  2331 | Sewer    | Entered a sewer
  2349 | Sewer    | Noticed Pargi
  2362 | Sewer    | Killed Pargi
  2363 | Sewer    | Reached XP level 6. HP: 18/49 MP: 6/6
  2944 | D:3      | Found a faded altar of an unknown god.
  2944 | D:3      | Noticed a green death
  3121 | D:4      | Reached skill level 1 in Evocations
  3255 | D:4      | Reached XP level 7. HP: 28/55 MP: 7/7
  3428 | D:4      | Found Sisuid's Specific Store.
  3432 | D:4      | Found Piur Gocw's General Store.
  3432 | D:4      | Identified the +0 helmet of Gom Qunoi {Int+4 Dex+2 SInv}
  3453 | D:4      | Bought a scroll of brand weapon for 104 gold pieces
  3614 | D:4      | Reached skill level 5 in Fighting
  3614 | D:4      | Reached skill level 1 in Polearms
  3746 | D:4      | Found a staircase to the Ecumenical Temple.
  3762 | D:4      | Noticed Ijyb
  3770 | Temple   | Entered the Ecumenical Temple
  3895 | Temple   | Became a worshipper of Warmaster Okawaru
  3949 | D:4      | Killed Ijyb
  4158 | D:4      | Succumbed to a scorpion's poison

Illustrated notes

Levels and vault maps discovered:
D:1:      lemuel_arrival_cross, layout_loops_ring, minmay_misc_feat_enclosed
D:2:      layout_basic, basic_altar
D:3:      layout_rooms, mainiacjoe_overflow_catwalk, mainiacjoe_overflow_paths,
          dreamdust_ecumenical_altar_sealed_demon, serial_curves,
          eino_curves_02, eino_curves_01, eino_curves_02, portal_sewer_entry_b,
          minmay_gold_behind_fungi, serial_bayou_lake_a
D:4:      cheibrodos_helix_gallery, layout_basic, minmay_temple_entry_ruins,
          serial_curves, eino_curves_04, eino_curves_01, nicolae_specific_store,
          uniq_ijyb
Temple:   jpeg_temple_clearing

Skill      XL: |  1  2  3  4  5  6  7 |
---------------+----------------------+-----
Short Blades   | 4 5 6 |  6.3
Fighting       | 3 4 5 |  5.1
Dodging        | 5 6 |  6.9
Evocations     | 1 2 |  2.1
Polearms       | 1 |  1.8
Throwing       | |  2.0

Action                     |  1- 3 |  4- 6 |  7- 9 || total
---------------------------+-------+-------+-------++-------
  Melee: Rapier            |   123 |   227 |   107 ||   457
         Tailslap          |       |     5 |     1 ||     6
         Punch             |       |     1 |     1 ||     2
  Throw: Throwing net      |       |     1 |     1 ||     2
  Evoke: Wand              |       |       |     1 ||     1
    Use: Potion            |       |     2 |     2 ||     4
         Scroll            |       |       |     1 ||     1
   Stab: Distracted        |     1 |       |       ||     1
         Sleeping          |     1 |     4 |     2 ||     7
         Held in net/web   |       |     2 |     1 ||     3
 Armour: Leather armour    |    25 |    36 |    15 ||    76
  Dodge: Dodged            |    80 |   138 |    54 ||   272

Table legend: (Time is in decaauts)
 A = Elapsed time spent in this place.
 B = Non-inter-level travel time spent in this place.
 C = Inter-level travel time spent in this place.
 D = Time resting spent in this place.
 E = Time spent auto-exploring this place.
 F = Levels seen in this place.
 G = Mean time per level.
                   A        B        C        D        E       F      G
               +--------+--------+--------+--------+--------+-----+--------+
         Total |   4098 |   4026 |     72 |    109 |   2791 |   6 |  683.0 |
       Dungeon |   3700 |   3644 |     56 |      0 |   2769 |   4 |  925.0 |
        Temple |    142 |    126 |     16 |      0 |      0 |   1 |  142.0 |
         Sewer |    255 |    255 |      0 |    109 |     21 |   1 |  255.0 |
               +--------+--------+--------+--------+--------+-----+--------+

Top non-repeatable levels by time:
     D:2: 1148 daAuts
     D:4: 1005 daAuts
     D:3: 780 daAuts
     D:1: 765 daAuts
   Sewer: 255 daAuts
  Temple: 142 daAuts
